 Dungeon Crawl Stone Soup version 0.28.0 (webtiles) character file.

Game seed: 286755770596522226

1309 mkm the Firebug (level 8, -2/43 HPs)
             Began as a Gargoyle Fire Elementalist on Feb 10, 2022.
             Slain by a sixfirhy (3 damage)
             ... summoned by a kobold demonologist
             ... on level 5 of the Dungeon.
             The game lasted 00:24:15 (7392 turns).

mkm the Firebug (Gargoyle Fire Elementalist)        Turns: 7392, Time: 00:24:17

Health: -2/43      AC:  8    Str: 11    XL:     8   Next: 58%
Magic:  16/16      EV: 12    Int: 19    God:
Gold:   156        SH:  0    Dex: 10    Spells: 12/18 levels left

rFire   . . .      SeeInvis .   w - +4 flail (protect)
rCold   . . .      Faith    .   (no shield)
rNeg    + . .      Spirit   .   a - +0 robe
rPois   ∞          Reflect  .   (no helmet)
rElec   +          Harm     .   r - +0 cloak
rCorr   .          Rampage  .   (no gloves)
Will    .....                   (no boots)
Stlth   ++........              q - amulet of regeneration
HPRegen 0.94/turn               (no ring)
MPRegen 0.15/turn               (no ring)

@: no status effects
A: sickness immunity, AC +5, negative energy resistance 1, electricity
resistance, torment resistance 1, petrification resistance
a: no special abilities


You were on level 5 of the Dungeon.
You visited 2 branches of the dungeon, and saw 6 of its levels.
You also visited: Sewer.

You collected 156 gold pieces.

Inventory:

Hand Weapons
 u - a +1 whip of electrocution
 w - a +4 flail of protection (weapon)
Armour
 a - a +0 robe (worn)
 i - a scarf of repulsion
 r - a +0 cloak (worn)
Jewellery
 q - an amulet of regeneration (around neck)
Scrolls
 d - 2 scrolls of fog
 f - a scroll of enchant armour {unknown}
 h - a scroll of magic mapping {unknown}
 k - a scroll of enchant weapon {unknown}
 l - a scroll of summoning {unknown}
 n - a scroll of fear {unknown}
 o - 3 scrolls of identify {unknown}
 p - a scroll of vulnerability {unknown}
 v - a scroll of brand weapon {unknown}
Potions
 b - 4 potions of might {unknown}
 c - 2 potions of magic {unknown}
 e - 3 potions of mutation {unknown}
 g - 4 potions of heal wounds
 j - a potion of curing {unknown}
 m - a potion of brilliance {unknown}
 s - a potion of resistance {unknown}
 t - 3 potions of haste {unknown}


   Skills:
 + Level 1.0 Fighting
 + Level 0.9 Maces & Flails
 + Level 1.0 Armour
 + Level 1.9 Dodging
 - Level 2.1 Stealth
 + Level 5.5 Spellcasting
 + Level 6.2 Conjurations
 + Level 6.3 Fire Magic


You had 12 spell levels left.
You knew the following spells:

 Your Spells              Type           Power      Damage    Failure   Level
a - Foxfire               Conj/Fire      100%       2x1d9     1%          1
b - Scorch                Fire           58%        2d8       1%          2
c - Conjure Flame         Conj/Fire      29%        6-21      2%          3

Your spell library contained the following spells:

 Spells                   Type           Power      Damage    Failure   Level
 Static Discharge         Conj/Air       17%        N/A       4%          2
 Flame Wave               Conj/Fire      29%        2d8       9%          4
 Inner Flame              Hex/Fire       17%        N/A       10%         3
 Lightning Bolt           Conj/Air       8%         1d21      67%         5
 Maxwell's Capacitive Co  Air            2%         ∞         100%        8


Dungeon Overview and Level Annotations

Branches:
Dungeon (5/15)             Temple (1/1) D:4           Sewer (visited)

Altars:
Ashenzari
Dithmenos
Elyvilon
Fedhas
Gozag
Hepliaklqana
Nemelex Xobeh
Okawaru
Qazlal
Ru
Sif Muna
Trog
Uskayaw
Xom
Yredelemnul
Zin


Innate Abilities, Weirdness & Mutations

You are immune to sickness and miasma.
Your stone body is resilient. (AC +5)
You are immune to poison.
You resist negative energy. (rN+)
You are resistant to electric shocks. (rElec)
You are resistant to unholy torment.
You are immune to petrification.


Message History

Confirm with . or Enter, or press ? or * to list all spells.
Flames lash Edmund.
Edmund is burned terribly!
You kill Edmund!
Your Fighting skill increases to level 1!
Your Armour skill increases to level 1!
Things that are here:
a +4 flail of protection; a +0 ring mail; the human corpse of Edmund
Things that are here:
a +4 flail of protection; a +0 ring mail; the human corpse of Edmund
w - a +4 flail of protection Your +1 whip of electrocution stops crackling.
Your +4 flail of protection hums with potential!
w - a +4 flail of protection (weapon)
There is a stone staircase leading down here.
You start resting.
Magic restored.
You start waiting.
Done waiting.
You climb downwards.
There is a stone staircase leading up here.
Found a book of Changes.
Found a pair of boots.
An adder zombie comes into view.
The kobold demonologist gestures wildly while chanting.
Press: ? - help, v - describe, . - travel
Here: a kobold demonologist, wielding a +0 dagger and wearing a +0 robe The floor.
The sixfirhy barely misses you. The sixfirhy hits you! The sixfirhy shocks you.
You resist. The sixfirhy hits you. The sixfirhy shocks you. You resist.
The sixfirhy barely misses you. The sixfirhy hits you! The sixfirhy shocks you.
You resist. The sixfirhy hits you!
* * * LOW HITPOINT WARNING * * *
The sixfirhy shocks you. You resist.
* * * LOW HITPOINT WARNING * * *
The sixfirhy hits you.
* * * LOW HITPOINT WARNING * * *
The sixfirhy shocks you. You resist.
You die...

.... .... ... # ..# #.
###.# ##.##.#.#
....#.#.################
........K.Z....3@......#
.....#################.###
.....# #....#...# .....#
#.##.###.# .Z...# #.##.#
#.####### ..#.## #.##.#
#.#.....# ..#. #.##.#
#.##.##.# ..#.
#.##.###.##....#
#........##....#


You could see a sixfirhy (summoned) and an adder zombie.

Vanquished Creatures
  Edmund (D:4)
  A water moccasin (D:5)
  2 black bears (D:4)
  A necrophage (Temple)
  A phantom (Temple)
  A kobold brigand (Sewer)
  2 scorpions (D:4)
  2 hounds
  2 orc priests (D:4)
  A jelly (D:4)
  An iguana (Temple)
  2 orc wizards (D:4)
  A killer bee zombie (D:3)
  A hound skeleton (D:4)
  11 river rats
  5 adders
  A shadow imp (D:3)
  An ufetubus (D:3)
  3 worms
  2 dart slugs
  7 orcs
  8 bats
  7 endoplasms
  6 giant cockroaches
  3 goblins
  6 hobgoblins
  6 jackals (D:3)
  8 quokkas
  10 ball pythons
  5 frilled lizards
  21 kobolds
  25 rats
154 creatures vanquished.

Vanquished Creatures (others)
  384 foxfires
  3 plants (D:4)
387 creatures vanquished.

Grand Total: 541 creatures vanquished

Notes
Turn   | Place    | Note
-------+----------+-------------------------------------------
     0 | D:1      | mkm the Gargoyle Fire Elementalist began the quest for the
                  | Orb.
     0 | D:1      | Reached XP level 1. HP: 10/10 MP: 3/3
   675 | D:1      | Reached XP level 2. HP: 12/15 MP: 1/5
   822 | D:1      | Found a faded altar of an unknown god.
  1398 | D:1      | Reached XP level 3. HP: 19/19 MP: 4/6
  1803 | D:1      | Learned a level 2 spell: Scorch
  2927 | D:3      | Reached XP level 4. HP: 2/24 MP: 0/8
  3349 | D:3      | Found a stormy altar of Qazlal.
  3379 | D:3      | Reached XP level 5. HP: 28/28 MP: 4/9
  4165 | D:3      | Found a basalt altar of Yredelemnul.
  4231 | D:3      | Found a glowing silver altar of Zin.
  4383 | D:4      | Reached XP level 6. HP: 32/32 MP: 8/11
  4537 | D:4      | Found a glowing drain.
  4543 | Sewer    | Entered a sewer
  4974 | Sewer    | Reached skill level 5 in Fire Magic
  5181 | Sewer    | Reached XP level 7. HP: 36/36 MP: 10/13
  5827 | D:4      | Reached skill level 5 in Conjurations
  5916 | D:4      | Found a bloodstained altar of Trog.
  6077 | D:4      | Found a staircase to the Ecumenical Temple.
  6085 | Temple   | Entered the Ecumenical Temple
  6087 | Temple   | Reached skill level 5 in Spellcasting
  6087 | Temple   | Reached XP level 8. HP: 38/41 MP: 4/15
  6534 | D:4      | Found a shadowy altar of Dithmenos.
  6704 | D:4      | Learned a level 3 spell: Conjure Flame
  6725 | D:5      | Entered Level 5 of the Dungeon
  6756 | D:5      | Noticed a yak
  6756 | D:5      | Noticed a yak
  6756 | D:5      | Noticed a yak
  6756 | D:5      | Noticed a yak
  6897 | D:5      | Noticed a kobold demonologist
  6897 | D:5      | Noticed Edmund
  6905 | D:5      | Noticed a rust devil
  6910 | D:5      | Noticed a hellwing
  7151 | D:4      | Killed Edmund
  7152 | D:4      | Reached skill level 1 in Fighting
  7152 | D:4      | Reached skill level 1 in Armour
  7381 | D:5      | Noticed a sixfirhy
  7392 | D:5      | HP: 1/43 [sixfirhy[a kobold demonologist] (5)]
  7392 | D:5      | Slain by a sixfirhy

Illustrated notes

Levels and vault maps discovered:
D:1:      psy_arrival_basics, layout_basic,
          hellmonk_ecumenical_altar_heavens_door
D:2:      layout_loops_ring
D:3:      minmay_inner_zag, layout_basic, nicolae_overflow_crystal_walls,
          mainiacjoe_overflow_alcove_1, zin_treasury
D:4:      layout_cave_pools, trog_ov_bears_minmay,
          nicolae_dithmenos_shadow_blocks, minmay_temple_entry_overgrown,
          gup_sewer_entry_bubbles, minmay_misc_feat_iff
D:5:      minmay_clustersquares, layout_basic, uniq_edmund
Temple:   minmay_freezing_vapour_temple

Skill      XL: |  1  2  3  4  5  6  7  8 |
---------------+-------------------------+-----
Conjurations   | 2 3 4 5 6 |  6.2
Spellcasting   | 3 4 5 |  5.5
Fire Magic     | 4 5 6 |  6.3
Fighting       | 1 |  1.0
Armour         | 1 |  1.0
Maces & Flails | |  0.9
Dodging        | |  1.9
Stealth        | |  2.1

Action                   |  1- 3 |  4- 6 |  7- 9 || total
-------------------------+-------+-------+-------++-------
Melee: Unarmed           |     1 |       |       ||     1
       Whip              |     6 |       |     5 ||    11
 Cast: Foxfire           |    56 |    92 |    72 ||   220
       Scorch            |     5 |    22 |    23 ||    50
  Use: Scroll            |     1 |       |       ||     1
       Potion            |       |       |     3 ||     3
Armor: Robe              |    23 |    25 |    18 ||    66
Dodge: Dodged            |    37 |    35 |    59 ||   131
